 Dungeon Crawl Stone Soup version 0.31.0-9-g3a7656b989 (webtiles) character file.

Game seed: 5212449006446583675

545 qw the Skirmisher (level 7, -1/40 HPs)
             Began as a Deep Elf Hunter on Feb 2, 2024.
             Was a Follower of Okawaru.
             Slain by a gnoll
             ... wielding a +0 flail
             ... led by a gnoll sergeant
              (3 damage)
             ... on level 5 of the Dungeon.
             The game lasted 00:00:13 (2946 turns).

qw the Skirmisher (Deep Elf Hunter)                 Turns: 2946, Time: 00:00:14

Health: -1/40      AC:  7    Str: 16    XL:     7   Next: 6%
Magic:  8/10       EV: 12    Int: 14    God:    Okawaru [*.....]
Gold:   201        SH:  0    Dex: 18    Spells: 6/6 levels left

rFire   . . .        b - +0 orcbow
rCold   . . .        (shield currently unavailable)
rNeg    . . .        g - +2 ring mail
rPois   .            (no helmet)
rElec   .            (no cloak)
rCorr   +            (no gloves)
SInv    .            (no boots)
Will    .....        (no amulet)
Stlth   +            k - ring of resist corrosion
HPRegen 0.26/turn    l - +6 ring of strength
MPRegen 0.12/turn

%: no passive effects
@: no status effects
A: no striking features
a: Renounce Religion, Heroism


You were on level 5 of the Dungeon.
You worshipped Okawaru.
Okawaru was aware of your devotion.
You visited 2 branches of the dungeon, and saw 6 of its levels.

You collected 201 gold pieces.


   Skills:
 - Level 2.1 Fighting
 + Level 9.9 Ranged Weapons
 - Level 4.1 Dodging
 - Level 1.2 Stealth
 + Level 2.0 Invocations


You had 6 spell levels left.
You didn't know any spells.
Your spell library was empty.

Inventory:

Hand Weapons
 b - a +0 orcbow (weapon)
Armour
 g - a +2 ring mail (worn)
Jewellery
 k - a ring of resist corrosion (left hand)
 l - a +6 ring of strength (right hand)
Scrolls
 a - a scroll of noise {unknown}
 j - 4 scrolls of teleportation
Potions
 c - a potion of magic {unknown}
 d - a potion of haste
 e - a potion of cancellation
 f - a potion of heal wounds
 h - a potion of enlightenment {unknown}
 i - 2 potions of curing {unknown}
 m - a potion of might {unknown}

Dungeon Overview and Level Annotations

Branches:
Dungeon (5/15)             Temple (1/1) D:4

Altars:
Ashenzari
Cheibriados
Elyvilon
Fedhas
Hepliaklqana
Makhleb
Nemelex Xobeh
Okawaru
Qazlal
Ru
Sif Muna
Trog
Uskayaw
Vehumet
Wu Jian
Xom
Yredelemnul
The Shining One


Message History

The gnoll is almost dead.
The gnoll hits you with a +0 whip. The gnoll sergeant barely misses you.
You shoot an arrow. The arrow closely misses the gnoll.
The arrow hits the gnoll sergeant!
You kill the gnoll sergeant!
Okawaru accepts your kill.
You hear a shout!
The gnoll hits you but does no damage.
A gnoll comes into view. It is wielding a +0 flail.
The gnoll barely misses you.
You have reached level 7!
You shoot an arrow. The arrow hits the gnoll.
You kill the gnoll!
Okawaru accepts your kill. The gnoll closely misses you.
Your Invocations skill increases to level 2!
You shoot an arrow. The arrow hits the gnoll.
The gnoll is moderately wounded.
The gnoll hits you from afar with a +0 halberd.
You shoot an arrow. The arrow barely misses the gnoll.
An ice beast comes into view.
The gnoll hits you from afar with a +0 halberd.
You shoot an arrow. The arrow hits the gnoll!
The gnoll is severely wounded.
The gnoll barely misses you. The gnoll closely misses you.
You shoot an arrow. The arrow closely misses the gnoll.
The arrow hits the ice beast!
The ice beast is heavily wounded.
The gnoll closely misses you.
The gnoll hits you from afar with a +0 halberd.
You shoot an arrow. The arrow barely misses the gnoll.
The arrow hits the ice beast!
The ice beast is severely wounded.
A gnoll comes into view. It is wielding a +0 whip.
The gnoll closely misses you.
The gnoll hits you from afar with a +0 halberd!
The gnoll barely misses you.
The ice beast hits you but does no damage.
The gnoll hits you with a +0 flail.
You die...

#.#.# #.# #.#.#
#.# #.#.# #.#
#...# #.# #..##
#.# #.. #.#
#..#####.########
#....gY..........
#...g)g@.########
##..###### ..


You could see an ice beast and 3 gnolls.

Vanquished Creatures
  Duvessa (D:4)
  A centaur (D:5)
  A gnoll sergeant (D:5)
  Dowan (D:4)
  3 hounds (D:5)
  An iguana (D:4)
  5 gnolls
  2 adders
  3 dart slugs
  A ribbon worm (D:2)
  4 orcs (D:3)
  A bat (D:1)
  6 endoplasms
  3 giant cockroaches
  A goblin (D:3)
  9 hobgoblins
  6 jackals
  A quokka (D:3)
  5 ball pythons
  5 frilled lizards
  5 kobolds
  6 rats
71 creatures vanquished.

Notes
Turn   | Place    | Note
-------+----------+-------------------------------------------
     0 | D:1      | qw the Deep Elf Hunter began the quest for the Orb.
     0 | D:1      | Reached XP level 1. HP: 12/12 MP: 3/3
     0 | D:1      | 0 ||| qw: Version: 0.3-a-155-g5e7d8dd
     0 | D:1      | 0 ||| qw: Game counter: 316
     0 | D:1      | 0 ||| qw: Melee chars always use a shield: true
     0 | D:1      | 0 ||| qw: God list: Okawaru
     0 | D:1      | 0 ||| qw: Allow faded altars: false
     0 | D:1      | 0 ||| qw: Do Orc after clearing Dungeon:15 true
     0 | D:1      | 0 ||| qw: Do second Lair branch before Depths: true
     0 | D:1      | 0 ||| qw: Lair rune preference: random
     0 | D:1      | 0 ||| qw: Goals: Normal
     0 | D:1      | 0 ||| PLANNING D:1-11
   421 | D:1      | Reached XP level 2. HP: 14/16 MP: 4/4
   463 | D:1      | Reached skill level 6 in Ranged Weapons
   599 | D:1      | 599 ||| UPGRADING to +0 ring mail.
   609 | D:1      | 609 ||| DROPPING +0 leather armour.
   610 | D:1      | 610 ||| READING scroll labelled DAMPAX OROWEI.
   611 | D:1      | 611 ||| READING scroll labelled YDOEW QI ENEUZ.
   611 | D:1      | 611 ||| ENCHANTING +0 ring mail.
   612 | D:1      | 612 ||| READING scroll labelled PIRE GIPHEMOQA.
   615 | D:1      | 615 ||| DRINKING 2 golden potions.
   616 | D:1      | 616 ||| DROPPING scroll of butterflies.
  1082 | D:2      | Reached XP level 3. HP: 20/20 MP: 5/5
  1336 | D:2      | 1336 ||| FLEEEEING.
  1416 | D:2      | 1416 ||| UPGRADING to ring of resist corrosion.
  1417 | D:2      | 1417 ||| UPGRADING to +6 ring of strength.
  1418 | D:2      | 1418 ||| READING scroll labelled ADUMNO WEZAL.
  1418 | D:2      | 1418 ||| IDENTIFYING cyan potion
  1419 | D:2      | 1419 ||| READING scroll labelled DOFONATIOD.
  1420 | D:2      | 1420 ||| DRINKING 2 amethyst potions.
  1421 | D:2      | 1421 ||| DROPPING potion of brilliance.
  1467 | D:3      | 1467 ||| FLEEEEING.
  1468 | D:3      | 1468 ||| FLEEEEING.
  1490 | D:3      | Reached skill level 7 in Ranged Weapons
  1513 | D:3      | Found a radiant altar of Vehumet.
  1570 | D:3      | 1570 ||| FLEEEEING.
  1571 | D:3      | 1571 ||| FLEEEEING.
  1572 | D:3      | 1572 ||| FLEEEEING.
  1573 | D:3      | 1573 ||| FLEEEEING.
  1574 | D:3      | 1574 ||| FLEEEEING.
  1575 | D:3      | 1575 ||| FLEEEEING.
  1576 | D:3      | 1576 ||| FLEEEEING.
  1577 | D:3      | 1577 ||| FLEEEEING.
  1578 | D:3      | 1578 ||| FLEEEEING.
  1579 | D:3      | 1579 ||| FLEEEEING.
  1580 | D:3      | 1580 ||| FLEEEEING.
  1581 | D:3      | 1581 ||| STAIRDANCE
  1627 | D:2      | 1627 ||| DRINKING 2 fuming clear potions.
  1628 | D:2      | 1628 ||| DROPPING potion of degeneration.
  1751 | D:3      | Found a stormy altar of Qazlal.
  1998 | D:3      | Reached XP level 4. HP: 15/25 MP: 6/6
  2053 | D:3      | Found a hazy altar of Hepliaklqana.
  2059 | D:3      | Found a glowing golden altar of the Shining One.
  2064 | D:3      | Found a basalt altar of Yredelemnul.
  2065 | D:3      | 2065 ||| DROPPING +6 ring of intelligence.
  2066 | D:3      | 2066 ||| READING scroll labelled TYISA OGEDUILU.
  2127 | D:4      | Reached skill level 8 in Ranged Weapons
  2138 | D:4      | Found a staircase to the Ecumenical Temple.
  2139 | D:4      | 2139 ||| PLANNING TEMPLE
  2158 | D:4      | Reached XP level 5. HP: 12/29 MP: 7/7
  2229 | Temple   | Found a transporter.
  2229 | Temple   | Found a transporter.
  2229 | Temple   | Found a transporter.
  2229 | Temple   | Found a transporter.
  2229 | Temple   | Entered the Ecumenical Temple
  2230 | Temple   | 2230 ||| PLANNING D:1-11
  2250 | Temple   | 2250 ||| PLANNING OKAWARU WORSHIP
  2252 | Temple   | Became a worshipper of Warmaster Okawaru
  2253 | Temple   | 2253 ||| PLANNING D:1-11
  2479 | D:4      | Noticed Duvessa
  2480 | D:4      | 2480 ||| ZAPPING wand of mindburst (13) at -4,-7 (Duvessa;
                  | floor).
  2480 | D:4      | Noticed Dowan
  2481 | D:4      | 2481 ||| ZAPPING wand of mindburst (12) at -3,-6 (Duvessa;
                  | floor).
  2482 | D:4      | 2482 ||| ZAPPING wand of mindburst (11) at -2,-5 (Duvessa;
                  | floor).
  2483 | D:4      | 2483 ||| ZAPPING wand of mindburst (10) at -2,-4 (Duvessa;
                  | floor).
  2484 | D:4      | 2484 ||| ZAPPING wand of mindburst (9) at -2,-3 (Duvessa;
                  | floor).
  2485 | D:4      | 2485 ||| ZAPPING wand of mindburst (8) at -1,-2 (Duvessa;
                  | floor).
  2486 | D:4      | 2486 ||| ZAPPING wand of mindburst (7) at 0,-1 (Duvessa;
                  | floor).
  2487 | D:4      | 2487 ||| ZAPPING wand of mindburst (6) at 0,-1 (Duvessa;
                  | floor).
  2488 | D:4      | 2488 ||| ZAPPING wand of mindburst (5) at 0,-1 (Duvessa;
                  | floor).
  2489 | D:4      | 2489 ||| ZAPPING wand of mindburst (4) at 0,-1 (Duvessa;
                  | floor).
  2490 | D:4      | 2490 ||| ZAPPING wand of mindburst (3) at 0,-1 (Duvessa;
                  | floor).
  2490 | D:4      | HP: 7/29 [Duvessa/+0 short sword (5)]
  2491 | D:4      | 2491 ||| READING 5 scrolls of teleportation.
  2492 | D:4      | 2492 ||| DRINKING 2 potions of heal wounds.
  2493 | D:4      | 2493 ||| ZAPPING wand of mindburst (2) at 0,-1 (Duvessa;
                  | floor).
  2493 | D:4      | Killed Duvessa
  2494 | D:4      | Reached skill level 9 in Ranged Weapons
  2574 | D:4      | 2574 ||| ZAPPING wand of mindburst (1) at 6,5 (Dowan;
                  | floor).
  2579 | D:4      | Killed Dowan
  2580 | D:4      | Reached XP level 6. HP: 29/35 MP: 8/8
  2658 | D:4      | 2658 ||| READING scroll of enchant armour.
  2658 | D:4      | 2658 ||| ENCHANTING +1 ring mail.
  2670 | D:4      | 2670 ||| DRINKING 2 fizzy white potions.
  2691 | D:5      | Entered Level 5 of the Dungeon
  2719 | D:5      | Reached * piety under Okawaru
  2838 | D:5      | 2838 ||| SWAPPING to +0 orcbow.
  2839 | D:5      | 2839 ||| DROPPING +0 shortbow.
  2890 | D:5      | Reached skill level 1 in Invocations
  2941 | D:5      | Reached XP level 7. HP: 22/40 MP: 8/10
  2946 | D:5      | HP: 2/40 [gnoll/+0 halberd[a gnoll sergeant] (11)]
  2946 | D:5      | Slain by a gnoll

Levels and vault maps discovered:
D:1:      zaba_arrival_water, layout_basic
D:2:      layout_loops_corners
D:3:      layout_rooms, mainiacjoe_overflow_24_doors, lemuel_doored_altar,
          minmay_overflow_temple_star_quad
D:4:      layout_rooms, minmay_temple_entry_arrows, uniq_duvessa
D:5:      layout_loops_ring
Temple:   hellmonk_temple_divided_pantheon

Skill      XL: |  1  2  3  4  5  6  7 |
---------------+----------------------+-----
Ranged Weapons | 6 7 8 9 |  9.9
Fighting       | 2 |  2.1
Dodging        | 4 |  4.1
Invocations    | 1 2 |  2.0
Stealth        | |  1.2

Action                     |  1- 3 |  4- 6 |  7- 9 || total
---------------------------+-------+-------+-------++-------
   Fire: Shortbow          |   157 |    66 |       ||   223
         Orcbow            |       |    20 |     6 ||    26
  Evoke: Wand              |       |    13 |       ||    13
    Use: Scroll            |     5 |     3 |       ||     8
         Potion            |     3 |     2 |       ||     5
 Armour: Leather armour    |    12 |       |       ||    12
         Ring mail         |    22 |    40 |     6 ||    68
  Dodge: Dodged            |    39 |    35 |     6 ||    80

Table legend:
 A = Non-vault XP
 B = Vault XP
 C = Vault XP percentage of total XP
 D = Non-vault monster count
 E = Vault monster count
 F = Vault count percentage of total count
                 A         B        C        D         E       F
            +---------+---------+-------+---------+---------+-------
      Total |     565 |     214 |  27.5 |      69 |       2 |   2.8
            +---------+---------+-------+---------+---------+-------
        D:1 |      20 |       0 |   0.0 |      13 |       0 |   0.0
        D:2 |      34 |       0 |   0.0 |      20 |       0 |   0.0
        D:3 |      92 |       0 |   0.0 |      20 |       0 |   0.0
        D:4 |      66 |     214 |  76.4 |       9 |       2 |  18.2
        D:5 |     353 |       0 |   0.0 |       7 |       0 |   0.0
            +---------+---------+-------+---------+---------+-------
